 Dungeon Crawl Stone Soup version 0.29-a0-925-g0a7a3d12f8 (webtiles) character file.

Game seed: 1575266198840522969

1747 Ge0ff the Digger (level 9, -4/53 HPs)
             Began as an Octopode Earth Elementalist on July 29, 2022.
             Slain by an orc warrior
             ... wielding a +0 trident
              (14 damage)
             ... on level 7 of the Dungeon.
             The game lasted 00:14:18 (6913 turns).

Ge0ff the Digger (Octopode Earth Elementalist)      Turns: 6913, Time: 00:14:19

Health: -4/53      AC:  1    Str:  8    XL:     9   Next: 6%
Magic:  10/24      EV: 13    Int: 21    God:
Gold:   83         SH:  0    Dex: 12    Spells: 10/16 levels left

rFire   + + .      SeeInvis +   a - +3 spear of Dividends {spect, rF++}
rCold   . . .      Faith    .   (no shield)
rNeg    . . .      Spirit   .   Q - +0 hat
rPois   .          Reflect  .   X - amulet of regeneration
rElec   .          Harm     .   Z - ring of magical power
rCorr   .          Rampage  .   r - ring of see invisible
Will    .....                   (no ring)
Stlth   +++.......              (no ring)
HPRegen 0.97/turn               (no ring)
MPRegen 0.19/turn               (no ring)
                                (no ring)
                                (no ring)

@: no status effects
A: almost no armour, amphibious, 8 rings, camouflage 1, gelatinous body 1,
(nimble swimmer 1), tentacles
a: no special abilities


You were on level 7 of the Dungeon.
You visited 1 branch of the dungeon, and saw 7 of its levels.

You collected 245 gold pieces.
You spent 162 gold pieces at shops.

Inventory:

Hand Weapons
 a - the +3 spear of Dividends (weapon) {spect, rF++}
   (You found it on level 2 of the Dungeon)

   When its wielder attacks, the weapon's spirit leaps out and strikes again.
   The spirit shares a part of any damage it takes with its wielder.
   rF:        It greatly protects you from fire.
 b - a +0 dagger of flaming
 p - a +2 rapier of chaos
 w - a +2 dagger of venom
 D - a +1 vorpal spear
Missiles
 v - 10 curare-tipped darts {=F}
 F - 16 poisoned darts
 S - 67 stones
Armour
 Q - a +0 hat (worn)
Jewellery
 r - a ring of see invisible (right tentacle)
 J - an amulet of magic regeneration
 O - an amulet of reflection
 X - an amulet of regeneration (around mantle)
 Z - a ring of magical power (left tentacle)
Wands
 d - a wand of digging (9)
 s - a wand of mindburst (3)
Scrolls
 o - a scroll of acquirement {unknown}
 t - a scroll of fear {unknown}
 x - 3 scrolls of amnesia {unknown}
 y - 2 scrolls of vulnerability {unknown}
 C - a scroll of brand weapon {unknown}
 E - a scroll of blinking {unknown}
 G - 3 scrolls of teleportation {unknown}
 H - a scroll of silence {unknown}
 I - 3 scrolls of poison {unknown}
 N - a scroll of summoning {unknown}
 T - 3 scrolls of noise {unknown}
 U - a scroll of immolation {unknown}
 V - 4 scrolls of butterflies {unknown}
 Y - 2 scrolls of enchant armour {unknown}
Potions
 q - a potion of curing
 u - 4 potions of mutation {!q}
 z - 5 potions of brilliance
 A - 2 potions of attraction
 B - a potion of cancellation {unknown}
 K - a potion of magic {!q}
 L - 5 potions of lignification
 M - 2 potions of might
 P - 2 potions of flight {unknown}
 R - a potion of resistance


   Skills:
 - Level 1.0 Fighting
 - Level 2.0 Dodging
 - Level 2.6 Stealth
 - Level 4.0 Spellcasting
 + Level 7.7 Conjurations
 - Level 1.0 Transmutations
 + Level 7.7 Earth Magic


You had 10 spell levels left.
You knew the following spells:

 Your Spells              Type           Power      Damage    Failure   Level
k - Sandblast             Erth           72%        2d16      1%          1
w - Passwall              Tmut/Erth      18%        N/A       3%          2
C - Stone Arrow           Conj/Erth      72%        3d11      1%          3

Your spell library contained the following spells:

 Spells                   Type           Power      Damage    Failure   Level
 Magic Dart               Conj           100%       1d8       1%          1
 Shock                    Conj/Air       80%        1d8       2%          1
 Freeze                   Ice            16%        1d4       12%         1
 Necrotise                Necr           16%        1d4       12%         1
 Petrify                  Tmut/Erth      22%        N/A       21%         4
 Hailstorm                Conj/Ice       20%        3d6       24%         4
 Frozen Ramparts          Ice            8%         1d2       34%         3
 Vampiric Draining        Necr           4%         2d6       34%         3
 Agony                    Necr           4%         N/A       97%         5


Dungeon Overview and Level Annotations

Branches:
Dungeon (7/15) Zot: 26783
 Temple: D:4-7

Altars:
Xom
Yredelemnul

Shops:
D:3 :   D:5 :?*


Innate Abilities, Weirdness & Mutations

You cannot wear most types of armour.
You are amphibious.
You can wear up to eight rings at the same time.
Your skin changes colour to match your surroundings (Stealth+).
Your rubbery body absorbs attacks. (AC +1, EV +1)
((You are camouflaged when in or above water. (Stealth+)))
You have tentacles for arms and can constrict up to eight enemies at once.


Message History

The orc hits your +3 spear of Dividends {spect, rF++} but does no damage.
Really quaff
W - 2 potions of heal wounds {!q}?
You feel much better.
The orc warrior hits you from afar with a +0 trident.
Casting: Sandblast (safe; 1% risk of failure)
Confirm with . or Enter, or press ? or * to list all spells.
Aiming: Stone Arrow (safe; 1% risk of failure)
Press: ? - help, Shift-Dir - straight line, p - orc warrior The stone arrow hits the orc warrior.
The orc warrior is severely wounded.
The orc warrior hits you from afar with a +0 trident!!
The orc priest attacks as you move away!
The orc priest barely misses you.
Really quaff
W - a potion of heal wounds {!q}?
You feel much better.
The orc priest calls upon Beogh to heal the orc warrior.
The orc warrior is healed somewhat.
Casting: Stone Arrow (safe; 1% risk of failure)
Confirm with . or Enter, or press ? or * to list all spells.
Aiming: Stone Arrow (safe; 1% risk of failure)
Press: ? - help, Shift-Dir - straight line, f - orc
Aim: an orc, wielding a +2 hand axe of flaming (74% to hit)
The stone arrow hits the orc!!
You kill the orc!
Casting: Stone Arrow (safe; 1% risk of failure)
Confirm with . or Enter, or press ? or * to list all spells.
Aiming: Stone Arrow (safe; 1% risk of failure)
Press: ? - help, Shift-Dir - straight line, f - orc priest
Aim: an orc priest, wielding a +0 mace (74% to hit)
The stone arrow hits the orc priest!!
You kill the orc priest!
The orc warrior hits you from afar with a +0 trident!!
Casting: Stone Arrow (safe; 1% risk of failure)
Confirm with . or Enter, or press ? or * to list all spells.
Aiming: Stone Arrow (safe; 1% risk of failure)
Press: ? - help, Shift-Dir - straight line, f - orc warrior
Aim: an orc warrior, wielding a +0 trident and wearing a +0 plate armour (heavily wounded, 74% to hit)
The stone arrow hits the orc warrior.
The orc warrior is severely wounded.
The orc warrior hits you from afar with a +0 trident!!
* * * LOW HITPOINT WARNING * * *
Casting: Stone Arrow (safe; 1% risk of failure)
Confirm with . or Enter, or press ? or * to list all spells.
Aiming: Stone Arrow (safe; 1% risk of failure)
Press: ? - help, Shift-Dir - straight line, f/p - orc warrior
Aim: an orc warrior, wielding a +0 trident and wearing a +0 plate armour (severely wounded, 74% to hit)
The stone arrow hits the orc warrior.
The orc warrior is almost dead.
The orc warrior hits you from afar with a +0 trident!
You die...

......... ##...))).....
......# ##.....)...... #...#
###......)......
##...###...............
#...)..................
##..##)..##.............
#..###)o####............
......o## ##.# #............
##..... #@# ##...........
###.......................#.
#............##.##.....#.
o.#####....#P#... P..... ..#
#........ ... ##....P#..
#....# #.# #..... ..


You could see an orc warrior.

Vanquished Creatures
  3 ogres
  An orc warrior (D:7)
  2 phantoms
  2 kobold brigands
  3 bullfrogs (D:6)
  3 scorpions
  A necrophage (D:4)
  3 wights (D:6)
  A hound (D:6)
  3 orc priests
  The ghost of TheBestFelid the Gusty, a weakling FeAE (D:3)
  A gnoll bouda (D:6)
  5 orc wizards
  4 gnolls (D:6)
  3 adders
  A worm (D:2)
  2 dart slugs
  19 orcs
  5 ball pythons
  5 endoplasms
  2 giant cockroaches (D:1)
  7 goblins
  8 hobgoblins
  4 jackals
  4 quokkas
  A bat (D:2)
  3 frilled lizards
  19 kobolds
  21 rats
137 creatures vanquished.

Vanquished Creatures (others)
  A kobold brigand (D:5)
  5 plants (D:7)
6 creatures vanquished.

Grand Total: 143 creatures vanquished

Notes
Turn   | Place    | Note
-------+----------+-------------------------------------------
     0 | D:1      | Ge0ff the Octopode Earth Elementalist began the quest for
                  | the Orb.
     0 | D:1      | Reached XP level 1. HP: 11/11 MP: 3/3
   138 | D:1      | Reached skill level 1 in Fighting
   297 | D:1      | Reached XP level 2. HP: 18/18 MP: 3/5
   325 | D:1      | Learned a level 2 spell: Passwall
  1043 | D:1      | Reached XP level 3. HP: 21/23 MP: 3/6
  1047 | D:1      | Learned a level 3 spell: Stone Arrow
  1084 | D:1      | Found a faded altar of an unknown god.
  1979 | D:2      | Identified the +3 spear of Dividends {spect, rF++}
  2098 | D:2      | Reached XP level 4. HP: 28/28 MP: 8/8
  2424 | D:3      | Found a runed translucent gate.
  2425 | D:3      | Found a runed translucent gate.
  2426 | D:3      | Found a runed translucent gate.
  2428 | D:3      | Noticed TheBestFelid's ghost (weakling FeAE)
  2428 | D:3      | Identified the +5 ring mail of the Game of Kings {Will+}
  2475 | D:3      | Found Tuhyaqan's Book Emporium.
  3250 | D:3      | Killed TheBestFelid's ghost
  3251 | D:3      | Reached XP level 5. HP: 26/33 MP: 9/9
  3252 | D:3      | Reached skill level 5 in Earth Magic
  3454 | D:4      | Reached skill level 1 in Conjurations
  4071 | D:4      | Noticed a phantom
  4080 | D:4      | Killed a phantom
  4081 | D:4      | Reached XP level 6. HP: 37/38 MP: 10/10
  4188 | D:5      | Entered Level 5 of the Dungeon
  4223 | D:5      | Found Gefrelye's Magic Scroll Emporium.
  4253 | D:5      | Reached XP level 7. HP: 43/43 MP: 11/11
  4338 | D:5      | Found Sentin's Assorted Antiques.
  4366 | D:5      | Bought 2 dark potions for 50 gold pieces
  4366 | D:5      | Bought a scroll labelled JUOTHO VUJEAM for 28 gold pieces
  4366 | D:5      | Bought a scroll labelled MOISTR FAEPHA for 28 gold pieces
  4366 | D:5      | Bought a scroll labelled UDYUCV HUMN for 28 gold pieces
  4489 | D:5      | Bought a scroll labelled UDYUCV HUMN for 28 gold pieces
  4590 | D:5      | Found a basalt altar of Yredelemnul.
  4616 | D:5      | Found Ryxzeajo's Tremendous Tomes.
  4649 | D:5      | Found a large runed translucent door.
  4650 | D:5      | Found a large runed translucent door.
  4656 | D:5      | Found a shimmering altar of Xom.
  5226 | D:5      | Got A Tutorial on Wizarding
  5793 | D:6      | Reached skill level 5 in Conjurations
  5793 | D:6      | Reached XP level 8. HP: 48/48 MP: 12/12
  6798 | D:7      | Reached XP level 9. HP: 53/53 MP: 14/14
  6913 | D:7      | Slain by an orc warrior

Illustrated notes

Levels and vault maps discovered:
D:1:      tarquinn_simple_flora_water_e, layout_basic,
          hellmonk_ecumenical_altar_prayer_group, minmay_misc_feat_alley
D:2:      layout_loops_ring
D:3:      layout_basic, serial_shops, nicolae_shop_crystal,
          biasface_ghost_orc_armoury, interstate_on_off, minmay_rat_hole
D:4:      layout_gridville
D:5:      due_chaos_kobolds, layout_basic, nicolae_overflow_crystal_walls,
          serial_shops, nicolae_shop_statue_plus, nicolae_diamond_shop,
          nicolae_shop_i_like_big_books
D:6:      layout_basic
D:7:      cheibrodos_helix_gallery, layout_layer_cave,
          minmay_temple_entry_gardened_gates, uniq_crazy_yiuf_cottage

Skill      XL: |  1  2  3  4  5  6  7  8  9 |
---------------+----------------------------+-----
Fighting       | 1 |  1.0
Spellcasting   | 3 4 |  4.0
Earth Magic    | 4 5 6 7 |  7.7
Conjurations   | 2 3 5 7 |  7.7
Dodging        | |  2.0
Stealth        | |  2.6
Transmutations | |  1.0

Action                   |  1- 3 |  4- 6 |  7- 9 || total
-------------------------+-------+-------+-------++-------
Melee: Unarmed           |    18 |       |       ||    18
       Constrict         |     9 |     5 |     5 ||    19
       Tentacles         |     7 |     2 |     3 ||    12
       Punch             |     1 |       |       ||     1
       Dagger            |    11 |       |       ||    11
       Spear             |     2 |    34 |    27 ||    63
Throw: Dart              |       |     3 |    11 ||    14
       Stone             |       |       |     2 ||     2
 Cast: Sandblast         |    39 |    41 |    27 ||   107
       Stone Arrow       |       |     2 |    30 ||    32
  Use: Scroll            |       |     6 |     3 ||     9
       Potion            |       |     2 |     3 ||     5
 Stab: Sleeping          |     4 |     3 |       ||     7
       Invisible         |       |       |     1 ||     1
Armor: Skin              |     2 |       |       ||     2
Dodge: Dodged            |    32 |    19 |    20 ||    71
Block: Other             |     5 |       |       ||     5
       Reflection        |     1 |       |       ||     1

Table legend: (Time is in decaauts)
 A = Elapsed time spent in this place.
 B = Non-inter-level travel time spent in this place.
 C = Inter-level travel time spent in this place.
 D = Time resting spent in this place.
 E = Time spent auto-exploring this place.
 F = Levels seen in this place.
 G = Mean time per level.
                   A        B        C        D        E       F      G
               +--------+--------+--------+--------+--------+-----+--------+
         Total |   7036 |   6714 |    322 |     13 |   5740 |   7 | 1005.1 |
       Dungeon |   7036 |   6714 |    322 |     13 |   5740 |   7 | 1005.1 |
               +--------+--------+--------+--------+--------+-----+--------+

Top non-repeatable levels by time:
     D:1: 1639 daAuts
     D:5: 1305 daAuts
     D:6: 1186 daAuts
     D:3: 1069 daAuts
     D:4: 959 daAuts
     D:2: 661 daAuts
     D:7: 216 daAuts
